[Event "ICC Open 2015"]
[Site "Internet Chess Club"]
[Date "2015.05.30"]
[Round "10"]
[White "Red-white"]
[Black "Schurick"]
[Result "1-0"]
[ICCResult "Black forfeits on time"]
[WhiteElo "3079"]
[BlackElo "2391"]
[Opening "King's Indian: fianchetto, Uhlmann (Szabo) variation"]
[ECO "E62"]
[NIC "KI.72"]
[Time "16:02:10"]
[TimeControl "180+0"]

1. c4 Nf6 2. Nc3 g6 3. g3 d6 4. Bg2 Bg7 5. d4 Nc6 6. Nf3 O-O 7. O-O e5 8. d5
Na5 9. b3 b6 10. e4 Bg4 11. h3 Bd7 12. Bg5 h6 13. Be3 Kh7 14. Qd3 Nb7 15. b4
a5 16. a3 Qe7 17. Nb5 Bxb5 18. cxb5 Ra7 19. Nd2 Rfa8 20. Rac1 Ne8 21. h4 h5
22. Bh3 axb4 23. axb4 Ra3 24. Rc3 Rxc3 25. Qxc3 Ra7 26. Nf3 f6 27. Ra1 Rxa1+
28. Qxa1 Nd8 29. Qc1 Nf7 30. Be6 Nd8 31. Bc8 Nf7 32. g4 hxg4 33. Bxg4 Bh6
34. h5 gxh5 35. Bf5+ Kg7 36. Nh4 Bg5 37. Ng6 Qd8 38. Qd1 Kh6 39. Nf8 Ng7 40.
Ne6 Qe7 41. Nxg7 Kxg7 42. Qxh5 Bxe3 43. fxe3 Ng5 44. Kf2 Qf7 45. Qh1 Kg8 46.
Ke1 Kg7 47. Kd2 Qe8 48. Qc1 Qe7 49. Kd3 Nf7 50. Kc4 Ng5 51. Qh1 Qe8 52. Qh4
Qh8 53. Qe1 Qh2 54. Kb3 Nf3 55. Qc1 Nd2+ 56. Ka4 Nf3 57. Qxc7+ Kf8 58. Qd8+
{Black forfeits on time}
1-0

[Event "ICC Open 2015"]
[Site "Internet Chess Club"]
[Date "2015.05.30"]
[Round "10"]
[White "DarkThrone"]
[Black "Tomorrowlan"]
[Result "1-0"]
[ICCResult "Black forfeits on time"]
[WhiteElo "2467"]
[BlackElo "2819"]
[Opening "QGD: Cambridge Springs defense"]
[ECO "D52"]
[NIC "QO.15"]
[Time "16:01:49"]
[TimeControl "180+0"]

1. d4 Nf6 2. c4 c6 3. Nc3 d5 4. Nf3 e6 5. Bg5 Nbd7 6. e3 Qa5 7. Nd2 Be7 8.
Qc2 O-O 9. Be2 c5 10. dxc5 dxc4 11. Nxc4 Qxc5 12. Bxf6 Nxf6 13. O-O b5 14.
Ne4 Nxe4 15. Qxe4 Rb8 16. Qe5 Qxe5 17. Nxe5 Bf6 18. Nc6 Rb7 19. Rfd1 a6 20.
Bf3 Rc7 21. Nd4 Bd7 22. Rac1 Rfc8 23. Rxc7 Rxc7 24. g3 g5 25. Rd2 Kf8 26. g4
Ke7 27. Kg2 a5 28. Be4 h6 29. f4 Rc1 30. Nf3 b4 31. h4 gxh4 32. g5 hxg5 33.
fxg5 Bg7 34. Nxh4 a4 35. Nf3 a3 36. bxa3 bxa3 37. Rc2 Ra1 38. Kg3 Bb2 39.
Nd2 Rxa2 40. Nc4 Bb5 41. Nxa3 Rxa3 42. Rxb2 Bd7 43. Kf4 Ra4 44. Rb7 Kd6 45.
Rb6+ Kc7 46. Rb7+ Kd6 47. Rb6+ Kc5 48. Rb7 Bc6 49. Rxf7 Rxe4+ 50. Kg3 Rxe3+
51. Kf4 Re4+ 52. Kg3 Re3+ 53. Kh4 Re1 54. g6 Rh1+ 55. Kg5 Rg1+ 56. Kf6 Be4
57. Ke7 Rxg6 58. Rf6 Rg5 59. Rxe6 Bd5 60. Re5 Rg4 61. Kf6
{Black forfeits on time}
1-0

[Event "ICC Open 2015"]
[Site "Internet Chess Club"]
[Date "2015.05.30"]
[Round "10"]
[White "MoonlightWizard"]
[Black "kurumania"]
[Result "0-1"]
[ICCResult "White resigns"]
[WhiteElo "2909"]
[BlackElo "2867"]
[Opening "Sicilian: Taimanov (Bastrikov) variation"]
[ECO "B47"]
[NIC "SI.40"]
[Time "16:02:54"]
[TimeControl "180+0"]

1. e4 c5 2. Nf3 e6 3. d4 cxd4 4. Nxd4 Nc6 5. Nc3 Qc7 6. f4 a6 7. Be3 b5 8.
Be2 Bb7 9. Bf3 Nf6 10. e5 b4 11. Ncb5 axb5 12. exf6 Nxd4 13. Bxd4 gxf6 14.
Bxf6 Rg8 15. O-O Bxf3 16. Qxf3 Qc6 17. Qe2 Bc5+ 18. Kh1 Rg6 19. Be5 f5 20.
c3 bxc3 21. Bxc3 b4 22. Bd2 Kf7 23. Rac1 Rag8 24. Be3 Rxg2 25. Qh5+ R2g6+
26. Rf3 d6 27. Bxc5 dxc5 28. Qxh7+ R8g7 29. Qh5 Kg8 30. Rd1 Qd5 31. Rf1 Qe4
32. Qh3 c4 33. Qh4 c3 34. Qd8+ Kh7 35. bxc3 Qxf3+ {White resigns} 0-1

[Event "ICC Open 2015"]
[Site "Internet Chess Club"]
[Date "2015.05.30"]
[Round "10"]
[White "bigali"]
[Black "Smokie"]
[Result "1-0"]
[ICCResult "Black forfeits on time"]
[WhiteElo "1640"]
[BlackElo "1443"]
[Opening "Sicilian: accelerated fianchetto, modern variation"]
[ECO "B34"]
[NIC "SI.33"]
[Time "16:02:30"]
[TimeControl "180+0"]

1. e4 c5 2. Nf3 g6 3. d4 cxd4 4. Nxd4 Nc6 5. Nc3 Bg7 6. Be3 d6 7. Qd2 Nxd4
8. Bxd4 Bxd4 9. Qxd4 Nf6 10. O-O-O O-O 11. e5 Nh5 12. exd6 exd6 13. Qxd6
Qg5+ 14. Kb1 Bf5 15. Qb4 Rfc8 16. h3 Qf4 17. Qxf4 Nxf4 18. g4 Be6 19. f3 a6
20. Bd3 Nxd3 21. Rxd3 b5 22. Ne4 Kg7 23. Rhd1 Bc4 24. R3d2 Rc7 25. h4 Re8
26. Nd6 Re3 27. Nxc4 Rxc4 28. Rf2 Rf4 29. Rdf1 f5 30. gxf5 Rxf5 31. b3 Kf6
32. Kc1 Ke5 33. Kd2 Kf4 34. a3 Rd5+ 35. Kc1 Rc5 36. Kd2 Rd5+ 37. Kc1 Rde5
38. Rd1 Re2 39. Rxe2 Rxe2 40. Rd7 Kxf3 41. Rxh7 Re1+ 42. Kb2 Rh1 43. Rh6 Kf4
44. Rxg6 Rxh4 45. Rxa6 Kf3 46. Rb6 Re4 47. Rxb5 Re2 48. a4 Ke4 49. Rc5
{Black forfeits on time}
1-0

[Event "ICC Open 2015"]
[Site "Internet Chess Club"]
[Date "2015.05.30"]
[Round "10"]
[White "waynerooney"]
[Black "unkavalo"]
[Result "1-0"]
[ICCResult "Black forfeits on time"]
[WhiteElo "2010"]
[BlackElo "2436"]
[Opening "Caro-Kann: anti-anti-Caro-Kann defense"]
[ECO "B10"]
[NIC "CK.01"]
[Time "16:01:55"]
[TimeControl "180+0"]

1. e4 c6 2. c4 d5 3. cxd5 cxd5 4. exd5 Nf6 5. d4 Nxd5 6. Nc3 Nc6 7. Bc4 Nb6
8. Bb5 e6 9. Bxc6+ bxc6 10. Nf3 Ba6 11. Ne2 Bd6 12. O-O O-O 13. Re1 Qc7 14.
b3 Rfd8 15. Bb2 c5 16. Rc1 Rac8 17. Qc2 Qb8 18. dxc5 Rxc5 19. Qe4 Nd5 20.
Qg4 e5 21. Rxc5 h5 22. Qxh5 Bxc5 23. Ng5 Qc7 24. Qh7+ Kf8 25. Qh8+ Ke7 26.
Qxg7 Kd7 27. Bxe5 Qb6 28. Qxf7+ Kc8 29. Qf5+ Kb7 30. Ng3 Rf8 31. Qh7+ Ka8
32. Rf1 Bxf2+ 33. Kh1 Bxf1 34. Nxf1 Bd4 35. Qb1 Bxe5 36. Nf3 Bb8 37. h3 Qc7
38. Qe4 Rxf3 39. Qxf3 Qb7 40. Qxd5 Qxd5 41. h4 Qd1 42. Kg1 Bc7 43. g3 Bb6+
44. Kg2 Qe2+ 45. Kh3 Qxf1+ 46. Kg4 Qe2+ 47. Kh3 Qd2 48. Kg4
{Black forfeits on time}
1-0

[Event "ICC Open 2015"]
[Site "Internet Chess Club"]
[Date "2015.05.30"]
[Round "10"]
[White "kshakes"]
[Black "livis"]
[Result "0-1"]
[ICCResult "White forfeits on time"]
[WhiteElo "1577"]
[BlackElo "1928"]
[Opening "French: Labourdonnais variation"]
[ECO "C00"]
[NIC "FR.01"]
[Time "16:02:34"]
[TimeControl "180+0"]

1. e4 e6 2. f4 d5 3. e5 c5 4. Nf3 Nc6 5. c3 Nge7 6. d3 d4 7. c4 Nf5 8. Qe2
Be7 9. g3 Bd7 10. Bg2 Nb4 11. a3 Na6 12. Bd2 Bc6 13. O-O O-O 14. b4 cxb4 15.
axb4 Nxb4 16. Bxb4 Bxb4 17. Rd1 a5 18. Nbd2 Ne3 19. Rdb1 Nxg2 20. Kxg2 b6
21. h3 Qd7 22. Kh2 h6 23. Ne4 Rad8 24. Nfd2 Ba8 25. Nb3 Qc6 26. Qf3 Kh8 27.
g4 Qd7 28. Kg3 Bxe4 29. Qxe4 f5 30. exf6 Rxf6 31. Rf1 Bc3 32. Rab1 Rdf8 33.
Rf3 a4 34. Nc1 a3 35. Rxb6 Bd2 36. Ne2 a2 37. Ra6 a1=Q 38. Rxa1 Qc7 39. Raf1
g5 40. Kg2 Bxf4 41. Nxd4 Qb6 42. Ne2 e5 43. d4 exd4 44. Qxd4 Qd6 45. Qd5
Qxd5 46. cxd5 Rd6 47. Nc3 Rc8 48. Ne4 Rxd5 49. Rxf4 gxf4 50. Rxf4 Rc2+ 51.
Kg3 Rd3+ 52. Kh4 Rh2 53. g5 Rhxh3+ 54. Kg4 hxg5 55. Nxg5 Rhg3+ 56. Kf5 Rd5+
57. Ke4 Rdxg5 58. Rf8+ Rg8 59. Rf6 R8g7 60. Rf4 Kh7 61. Kf5 Kg8 62. Rh4 Rf7+
63. Ke4 Rgg7 64. Rf4 Re7+ 65. Kf3 Rd7 {White forfeits on time} 0-1

[Event "ICC Open 2015"]
[Site "Internet Chess Club"]
[Date "2015.05.30"]
[Round "10"]
[White "Bartof"]
[Black "EndgamesMaster"]
[Result "0-1"]
[ICCResult "White forfeits on time"]
[WhiteElo "1970"]
[BlackElo "1736"]
[Opening "QGD: exchange, positional line, 6.Qc2"]
[ECO "D36"]
[NIC "QO.16"]
[Time "16:02:24"]
[TimeControl "180+0"]

1. d4 d5 2. c4 e6 3. Nc3 Nf6 4. cxd5 exd5 5. Bg5 c6 6. Qc2 Be7 7. e3 Ne4 8.
Bxe7 Qxe7 9. Bd3 f5 10. Nge2 O-O 11. O-O Nd7 12. Rae1 Ndf6 13. Nd1 Qd6 14.
f3 Ng5 15. h4 Nge4 16. Nf2 Ng3 17. Nxg3 Qxg3 18. Bxf5 Qxh4 19. Bxc8 Raxc8
20. e4 Nh5 21. Nh3 Qg3 22. Qf2 Qg6 23. e5 Nf4 24. Nxf4 Rxf4 25. e6 Re8 26.
e7 Rf7 27. Qe2 Qf6 28. Qe6 Qxe6 29. Rxe6 Rfxe7 30. Rxe7 Rxe7 31. Kf2 Kf7 32.
Rc1 Re6 33. Rc3 Re7 34. Ra3 b6 35. Ra6 c5 36. a4 cxd4 37. a5 d3 38. axb6
axb6 39. Ra1 d2 40. Rd1 Re1 41. Rxd2 Re5 42. Rxd5 Ke6 43. Rd8 Rd5 44. Re8+
Kd6 45. Rg8 Kc5 46. Rxg7 Kb4 47. Kg3 Rb5 48. Rxh7 Ka5 49. Rh4 Ka6 50. Rh5
Kb7 {White forfeits on time} 0-1

[Event "ICC Open 2015"]
[Site "Internet Chess Club"]
[Date "2015.05.30"]
[Round "10"]
[White "Agilemaster"]
[Black "MrsPiggy"]
[Result "1-0"]
[ICCResult "Black checkmated"]
[WhiteElo "1985"]
[BlackElo "1405"]
[Opening "Vienna game"]
[ECO "C25"]
[NIC "VG.04"]
[Time "16:02:00"]
[TimeControl "180+0"]

1. e4 e5 2. Nc3 d6 3. Bc4 Nf6 4. d3 Be7 5. Nf3 h6 6. O-O O-O 7. h3 c6 8. Bb3
a5 9. Re1 b5 10. a4 b4 11. Ne2 Bb7 12. Ng3 Nbd7 13. Nf5 Nc5 14. g4 Nxb3 15.
cxb3 Nh7 16. Kg2 Ng5 17. Be3 Ne6 18. h4 Nf4+ 19. Bxf4 exf4 20. Qd2 g5 21.
Nxh6+ Kg7 22. hxg5 Bxg5 23. Nf5+ Kg6 24. Rh1 Rh8 25. Rxh8 Qxh8 26. Nxd6 Bc8
27. Nxc8 Rxc8 28. Rh1 Qf6 29. Nxg5 Qxg5 30. Kf3 Kg7 31. Rh5 Qf6 32. Rf5 Qg6
33. Qxf4 Rh8 34. Rg5 Rh3+ 35. Kg2 Qxg5 36. Qxg5+ Kf8 37. Kxh3 Ke8 38. Qc5
Kd7 39. Qxa5 Kd6 40. Qa7 Ke5 41. Qxf7 Kd4 42. Qc4+ Ke5 43. Qxb4 Kf4 44. Qc4
Kf3 45. d4 Kxf2 46. Qd3 Ke1 47. e5 c5 48. e6 cxd4 49. e7 Kf2 50. e8=Q Kg1
51. Qd1+ Kf2 52. Qee2# {Black checkmated} 1-0

[Event "ICC Open 2015"]
[Site "Internet Chess Club"]
[Date "2015.05.30"]
[Round "10"]
[White "Massarioli"]
[Black "Nos"]
[Result "0-1"]
[ICCResult "White forfeits on time"]
[WhiteElo "2159"]
[BlackElo "2377"]
[Opening "King's Indian, 3.Nf3"]
[ECO "E90"]
[NIC "KI.20"]
[Time "16:03:10"]
[TimeControl "180+0"]

1. d4 Nf6 2. c4 g6 3. Nf3 Bg7 4. Nc3 O-O 5. e4 d6 6. h3 Nbd7 7. Bd3 e5 8.
dxe5 dxe5 9. Be3 c6 10. O-O Qe7 11. Bc2 Rd8 12. Qe2 Nf8 13. Rad1 N6d7 14. a3
Ne6 15. b4 a5 16. c5 axb4 17. axb4 b5 18. Bb3 Ra3 19. Bxe6 Qxe6 20. Nb1 Ra6
21. Rd2 Re8 22. Qd3 Nf6 23. Bg5 Nh5 24. Be3 Nf4 25. Bxf4 exf4 26. Re1 h6 27.
Qc2 g5 28. e5 Qf5 29. Qxf5 Bxf5 30. Nc3 Ra3 31. Ne4 Bg6 32. Nd6 Rea8 33. Nd4
Ra1 34. Re2 Rxe1+ 35. Rxe1 Ra6 36. Nb7 f6 37. exf6 Bxf6 38. Ne6 Bc3 39. Rd1
Bxb4 40. Rd7 Bf5 41. Rd8+ Kf7 42. Nc7 Ra1+ 43. Kh2 f3 44. Nd6+ Kg6 45. Nxf5
Kxf5 46. Rf8+ Kg6 47. Rxf3 Bxc5 48. Ne6 Bd6+ 49. g3 b4 50. Kg2 Kh7 51. Nd4
Bc5 52. Nb3 Ra2 53. Nd2 Rxd2 54. Rf7+ Kg6 55. Rf3 Rxf2+ 56. Rxf2 Bxf2 57.
Kxf2 b3 58. g4 b2 {White forfeits on time} 0-1

[Event "ICC Open 2015"]
[Site "Internet Chess Club"]
[Date "2015.05.30"]
[Round "10"]
[White "ural"]
[Black "gauss"]
[Result "1-0"]
[ICCResult "Black forfeits on time"]
[WhiteElo "2369"]
[BlackElo "2046"]
[Opening "Sicilian defense"]
[ECO "B20"]
[NIC "SI.48"]
[Time "16:03:09"]
[TimeControl "180+0"]

1. e4 c5 2. b3 g6 3. Bb2 Nf6 4. Qf3 Bg7 5. e5 Ng8 6. Qe3 Nc6 7. Qxc5 Nh6 8.
f4 d6 9. Qe3 Nf5 10. Qf2 dxe5 11. Bb5 Nd4 12. Bxd4 exd4 13. Bxc6+ bxc6 14.
Nf3 O-O 15. O-O c5 16. d3 Bb7 17. Nbd2 Re8 18. Rfe1 Qc7 19. Ne5 f6 20. Nec4
e5 21. fxe5 fxe5 22. Ne4 Rf8 23. Qg3 Rae8 24. a4 Rf4 25. Ned6 Ref8 26. Nxb7
Qxb7 27. Nxe5 Qd5 28. Nc4 Bh6 29. Rf1 Rxf1+ 30. Rxf1 Rxf1+ 31. Kxf1 Qf5+ 32.
Qf3 Qg5 33. Qa8+ Bf8 34. Kf2 Qc1 35. Qd5+ Kh8 36. Qe5+ Kg8 37. Qe6+ Kh8 38.
Qe2 Qf4+ 39. Kg1 Qc1+ 40. Kf2 Kg8 41. g3 Bh6 42. Kg2 Be3 43. Nxe3 dxe3 44.
Kf3 Kg7 45. c4 Qh1+ 46. Kxe3 Qb1 47. Ke4 Qxb3 48. Kd5 Qxa4 49. Qb2+ Kg8 50.
Kxc5 Qa5+ 51. Qb5 Qa3+ 52. Kc6 Qxd3 53. Qb8+ Kg7 54. Qxa7+ Kh6 55. Qc5 Qe4+
56. Qd5 Qe8+ 57. Kc5 Qc8+ 58. Kd4 Qh8+ 59. Kd3 Qb2 60. Qd4 Qb1+ 61. Ke3 Qe1+
62. Kf4 Qf1+ 63. Ke5 Qe2+ 64. Qe4 Qxh2 65. Qh4+ Qxh4 66. gxh4 g5 67. hxg5+
Kxg5 68. c5 h5 69. c6 h4 70. c7 h3 71. c8=Q h2 72. Qg8+ {Black forfeits on
time} 1-0

[Event "ICC Open 2015"]
[Site "Internet Chess Club"]
[Date "2015.05.30"]
[Round "10"]
[White "HardAsfalt"]
[Black "obt"]
[Result "1-0"]
[ICCResult "Black forfeits on time"]
[WhiteElo "1723"]
[BlackElo "1913"]
[Opening "Ruy Lopez: classical (Cordel) defense"]
[ECO "C64"]
[NIC "RL.01"]
[Time "16:04:13"]
[TimeControl "180+0"]

1. e4 e5 2. Nf3 Nc6 3. Bb5 Bc5 4. O-O d6 5. c3 h6 6. d4 exd4 7. cxd4 Bb6 8.
d5 a6 9. Ba4 Bd7 10. dxc6 bxc6 11. e5 d5 12. Be3 Ne7 13. Nc3 O-O 14. Nh4 g5
15. Qh5 gxh4 16. Qxh6 Bxe3 17. fxe3 Ng6 18. Rf6 Qe7 19. Bc2 Qxe5 20. Bxg6
fxg6 21. Rxg6+ Kf7 22. Rf1+ Ke7 23. Rg7+ Ke8 24. Qg6+ Kd8 25. Rxf8+ Be8 26.
Rxe8+ Qxe8 27. e4 Qxg6 28. Rxg6 d4 29. Ne2 Ke7 30. Rxc6 d3 31. Nf4 Rd8 32.
Rxc7+ Kf6 33. Nd5+ Rxd5 34. exd5 d2 35. Rc6+ Ke5 36. Re6+
{Black forfeits on time}
1-0

[Event "ICC Open 2015"]
[Site "Internet Chess Club"]
[Date "2015.05.30"]
[Round "11"]
[White "sonovkong"]
[Black "ALexiz"]
[Result "0-1"]
[ICCResult "White resigns"]
[WhiteElo "1606"]
[BlackElo "1810"]
[Opening "Sicilian: closed"]
[ECO "B24"]
[NIC "SI.44"]
[Time "16:13:36"]
[TimeControl "180+0"]

1. e4 c5 2. Nc3 Nc6 3. g3 g6 4. Bg2 Bg7 5. Nge2 d6 6. h3 e6 7. d3 Nge7 8.
O-O O-O 9. Be3 Nd4 10. f4 f5 11. Qd2 Nec6 12. Rac1 Rb8 13. Nd1 Nxe2+ 14.
Qxe2 Nd4 15. c3 Nxe2+ {White resigns} 0-1

[Event "ICC Open 2015"]
[Site "Internet Chess Club"]
[Date "2015.05.30"]
[Round "11"]
[White "Sc6"]
[Black "eliseo"]
[Result "0-1"]
[ICCResult "White resigns"]
[WhiteElo "1716"]
[BlackElo "2272"]
[Opening "Ruy Lopez: 5.O-O"]
[ECO "C78"]
[NIC "RL.12"]
[Time "16:13:20"]
[TimeControl "180+0"]

1. e4 e5 2. Nf3 Nc6 3. Bb5 a6 4. Ba4 Nf6 5. O-O b6 6. d3 b5 7. Bb3 Bc5 8. c3
d6 9. Bg5 h6 10. Bh4 g5 11. Nxg5 hxg5 12. Bxg5 Rg8 13. h4 Be6 14. Bxe6 fxe6
15. Qh5+ Nxh5 16. Bxd8 Rxd8 17. Nd2 Nf4 18. b4 Bb6 {White resigns} 0-1

[Event "ICC Open 2015"]
[Site "Internet Chess Club"]
[Date "2015.05.30"]
[Round "11"]
[White "truufseir"]
[Black "johnny197"]
[Result "1-0"]
[ICCResult "Black resigns"]
[WhiteElo "1601"]
[BlackElo "1389"]
[Opening "Robatsch (modern) defense"]
[ECO "B06"]
[NIC "KF.05"]
[Time "16:13:54"]
[TimeControl "180+0"]

1. e4 g6 2. d4 Bg7 3. Nf3 c5 4. Nc3 cxd4 5. Nxd4 Qb6 6. Nb3 Qb4 7. Bd2 Bxc3
8. Bxc3 Qxe4+ 9. Be2 f6 10. O-O Nh6 11. Re1 O-O 12. Na5 Nc6 13. Bc4+
{Black resigns}
1-0

[Event "ICC Open 2015"]
[Site "Internet Chess Club"]
[Date "2015.05.30"]
[Round "11"]
[White "IlValentino"]
[Black "kayak"]
[Result "0-1"]
[ICCResult "White resigns"]
[WhiteElo "1399"]
[BlackElo "1594"]
[Opening "Dutch defense"]
[ECO "A90"]
[NIC "HD.03"]
[Time "16:13:54"]
[TimeControl "180+0"]

1. d4 e6 2. c4 f5 3. g3 Nf6 4. Bg2 d5 5. cxd5 exd5 6. Qa4+ c6 7. Qb3 Be7 8.
Nf3 O-O 9. Bg5 Ne4 10. Bxe7 Qxe7 11. O-O Nd7 12. Qc2 Rb8 13. Nbd2 Ndf6 14.
a3 Bd7 15. e3 Be8 16. b4 a6 17. Rac1 Bg6 18. Qc5 Nxc5 {White resigns} 0-1

[Event "ICC Open 2015"]
[Site "Internet Chess Club"]
[Date "2015.05.30"]
[Round "11"]
[White "Womacka"]
[Black "FytinFrank"]
[Result "1-0"]
[ICCResult "Black checkmated"]
[WhiteElo "2475"]
[BlackElo "2021"]
[Opening "Caro-Kann: Gurgenidze system"]
[ECO "B12"]
[NIC "CK.01"]
[Time "16:13:58"]
[TimeControl "180+0"]

1. e4 c6 2. d4 g6 3. Nc3 d5 4. h3 Nh6 5. Nf3 f6 6. Bf4 Nf7 7. exd5 cxd5 8.
Nb5 Na6 9. c4 Bg7 10. cxd5 Qxd5 11. Nc3 Qa5 12. Bb5+ Kf8 13. O-O Nd6 14. Ba4
Be6 15. Re1 Bc4 16. Bb3 Rc8 17. Bxd6 exd6 18. Ne4 Qd5 19. Rc1 Kf7 20. Bxc4
Rxc4 21. Rxc4 Re8 22. Ned2 Rxe1+ 23. Qxe1 f5 24. Rc8 Bf6 25. Qe8+ Kg7 26.
Qf8# {Black checkmated} 1-0

[Event "ICC Open 2015"]
[Site "Internet Chess Club"]
[Date "2015.05.30"]
[Round "11"]
[White "druskacik"]
[Black "MoonlightWizard"]
[Result "0-1"]
[ICCResult "White resigns"]
[WhiteElo "2474"]
[BlackElo "2911"]
[Opening "French: Schlechter variation"]
[ECO "C01"]
[NIC "QO.17"]
[Time "16:14:00"]
[TimeControl "180+0"]

1. d4 e6 2. e4 d5 3. Bd3 dxe4 4. Bxe4 c5 5. Ne2 Nf6 6. Bf3 cxd4 7. Qxd4 Be7
8. Qxd8+ Bxd8 9. Nbc3 O-O 10. Bf4 Nc6 11. O-O-O Bb6 12. Bg3 Bd7 13. Ne4 Nxe4
14. Bxe4 Rfd8 15. Rd2 Be8 16. Rhd1 Rxd2 17. Rxd2 Kf8 18. Bd6+ Kg8 19. Bg3 h6
20. f3 Be3 21. Kd1 Bxd2 22. Kxd2 Rd8+ 23. Ke3 Nb4 24. a3 Nd5+ 25. Kf2 Bc6
26. Nd4 Nf6 27. Bxc6 Rxd4 28. Bxb7 Rd2+ 29. Ke3 Rxc2 30. b4 Rc3+ 31. Kd4
Rxa3 32. Bb8 Kf8 33. b5 Ke7 34. Ke5 Nd7+ {White resigns} 0-1

[Event "ICC Open 2015"]
[Site "Internet Chess Club"]
[Date "2015.05.30"]
[Round "11"]
[White "zelog"]
[Black "Nightlife"]
[Result "1-0"]
[ICCResult "Black resigns"]
[WhiteElo "2041"]
[BlackElo "1773"]
[Opening "English: Neo-Catalan declined"]
[ECO "A14"]
[NIC "RE.11"]
[Time "16:14:22"]
[TimeControl "180+0"]

1. c4 e6 2. g3 d5 3. Bg2 Nf6 4. Nf3 Be7 5. O-O c6 6. Qc2 O-O 7. b3 b6 8. Bb2
Nbd7 9. d4 Ba6 10. Nbd2 Rc8 11. e4 dxe4 12. Nxe4 Nxe4 13. Qxe4 Nf6 14. Qc2
c5 15. dxc5 Bxc5 16. Rfd1 Qe7 17. Rd2 Rfd8 18. Rad1 Rxd2 19. Qxd2 Bb7 20.
Ne5 Bxg2 21. Kxg2 Ne4 22. Qd7 Qxd7 23. Rxd7 Bxf2 24. Rxf7 Bc5 25. Rxa7 Rf8
26. Nf3 g5 27. Rg7+ {Black resigns} 1-0

[Event "ICC Open 2015"]
[Site "Internet Chess Club"]
[Date "2015.05.30"]
[Round "11"]
[White "pierredams"]
[Black "JOHEL"]
[Result "1-0"]
[ICCResult "Black resigns"]
[WhiteElo "2018"]
[BlackElo "1686"]
[Opening "Sicilian: Alapin's variation (2.c3)"]
[ECO "B22"]
[NIC "SI.46"]
[Time "16:14:39"]
[TimeControl "180+0"]

1. e4 c5 2. c3 d5 3. exd5 Qxd5 4. Nf3 Bg4 5. Be2 Nf6 6. d4 cxd4 7. cxd4 Nc6
8. Nc3 Qd8 9. d5 Nb8 10. h3 Bd7 11. Bg5 e6 12. O-O Bb4 13. Qb3 Bxc3 14. bxc3
exd5 15. Qxb7 Bc6 16. Qb4 Na6 17. Bxa6 Qe7 18. Rfe1 {Black resigns} 1-0

[Event "ICC Open 2015"]
[Site "Internet Chess Club"]
[Date "2015.05.30"]
[Round "11"]
[White "jewels2"]
[Black "JRussell2"]
[Result "1-0"]
[ICCResult "Black checkmated"]
[WhiteElo "1311"]
[BlackElo "1226"]
[Opening "QGA: 3.e4"]
[ECO "D20"]
[NIC "QG.04"]
[Time "16:14:42"]
[TimeControl "180+0"]

1. d4 d5 2. c4 dxc4 3. e4 e5 4. d5 Nf6 5. Nc3 Bb4 6. Bg5 c6 7. Bxc4 cxd5 8.
Bxd5 Nbd7 9. Bxf6 Nxf6 10. Qa4+ Bd7 11. Qxb4 Nxd5 12. Nxd5 Bc6 13. Rd1 Qg5
14. Nf3 Qxg2 15. Qe7# {Black checkmated} 1-0

[Event "ICC Open 2015"]
[Site "Internet Chess Club"]
[Date "2015.05.30"]
[Round "11"]
[White "Prof-chess"]
[Black "gmgattass"]
[Result "1-0"]
[ICCResult "Black resigns"]
[WhiteElo "2685"]
[BlackElo "2335"]
[Opening "Sicilian: closed, 2...Nc6"]
[ECO "B23"]
[NIC "SI.44"]
[Time "16:15:52"]
[TimeControl "180+0"]

1. e4 c5 2. Nc3 Nc6 3. Bb5 Qa5 4. Nf3 Nd4 5. Bc4 Nxf3+ 6. Qxf3 e6 7. O-O Rb8
8. a4 a6 9. d3 b5 10. Bf4 Rb7 11. axb5 Qb4 12. bxa6 Ra7 13. Nb5 {Black
resigns} 1-0

[Event "ICC Open 2015"]
[Site "Internet Chess Club"]
[Date "2015.05.30"]
[Round "11"]
[White "DarkThrone"]
[Black "JW"]
[Result "0-1"]
[ICCResult "White resigns"]
[WhiteElo "2459"]
[BlackElo "2654"]
[Opening "QGA: 3.e4"]
[ECO "D20"]
[NIC "QG.04"]
[Time "16:14:53"]
[TimeControl "180+0"]

1. d4 d5 2. c4 dxc4 3. e4 Nf6 4. e5 Nd5 5. Bxc4 Nb6 6. Bb3 Nc6 7. Ne2 Bf5 8.
Nbc3 e6 9. O-O Qd7 10. Be3 O-O-O 11. Rc1 Kb8 12. Bc2 Bxc2 13. Qxc2 f6 14.
exf6 gxf6 15. Ne4 f5 16. Nc5 Bxc5 17. dxc5 Nd5 18. Rfd1 Rhg8 19. Nd4 f4 20.
Nxc6+ Qxc6 21. Bd2 Ne3 {White resigns} 0-1

[Event "ICC Open 2015"]
[Site "Internet Chess Club"]
[Date "2015.05.30"]
[Round "11"]
[White "eddington"]
[Black "LUCECOAGU"]
[Result "1-0"]
[ICCResult "Black resigns"]
[WhiteElo "2170"]
[BlackElo "2312"]
[Opening "Sicilian: O'Kelly variation"]
[ECO "B28"]
[NIC "SI.43"]
[Time "16:13:39"]
[TimeControl "180+0"]

1. e4 c5 2. Nf3 a6 3. d4 cxd4 4. c3 dxc3 5. Nxc3 d6 6. Bc4 e6 7. O-O b5 8.
Bb3 Ra7 9. Qe2 Be7 10. Rd1 Rd7 11. a4 b4 12. Na2 Nc6 13. Bc4 Qb6 14. Be3 Qb7
15. Rac1 Nf6 16. Bxa6 Qxa6 17. Qxa6 Bxa6 18. Rxc6 Bb7 19. Rb6 Bxe4 20. Nxb4
Bxf3 21. Rb8+ Rd8 22. Rxd8+ Bxd8 23. gxf3 d5 24. Nc6 O-O 25. b4 Nd7 26. a5
Bf6 27. b5 Rc8 28. a6 Kf8 29. a7 Ra8 30. b6 {Black resigns} 1-0

[Event "ICC Open 2015"]
[Site "Internet Chess Club"]
[Date "2015.05.30"]
[Round "11"]
[White "kurumania"]
[Black "Psycho-Cowboy"]
[Result "1-0"]
[ICCResult "Black resigns"]
[WhiteElo "2871"]
[BlackElo "2536"]
[Opening "French: Winawer, advance, positional main line"]
[ECO "C19"]
[NIC "FR.13"]
[Time "16:13:39"]
[TimeControl "180+0"]

1. d4 e6 2. e4 d5 3. Nc3 Bb4 4. e5 Ne7 5. a3 Bxc3+ 6. bxc3 c5 7. Nf3 Nbc6 8.
a4 Qa5 9. Bd2 Bd7 10. Bb5 O-O-O 11. O-O f6 12. exf6 gxf6 13. dxc5 Rhg8 14.
Re1 e5 15. c4 Qc7 16. cxd5 Nxd5 17. Bf1 Bg4 18. Ra3 Nd4 19. Be2 Nf4 20. Nxd4
Bxe2 21. Nxe2 Rxg2+ 22. Kh1 Qc6 23. f3 Nh3 24. Kxg2 Rg8+ 25. Ng3 {Black
resigns} 1-0

[Event "ICC Open 2015"]
[Site "Internet Chess Club"]
[Date "2015.05.30"]
[Round "11"]
[White "Giantvin"]
[Black "Chiraakk"]
[Result "1-0"]
[ICCResult "Black disconnected and forfeits"]
[WhiteElo "1978"]
[BlackElo "1662"]
[Opening "Queen's Indian: Nimzovich variation (exaggerated fianchetto)"]
[ECO "E15"]
[NIC "QI.05"]
[Time "16:13:40"]
[TimeControl "180+0"]

1. d4 Nf6 2. c4 e6 3. Nf3 b6 4. g3 Ba6 5. Nbd2 Be7 6. Bg2 O-O 7. O-O c6 8.
e4 d5 9. e5 Nfd7 10. b3 dxc4 11. bxc4 Bb7 12. Ne4 c5 13. d5 exd5 14. cxd5
Re8 15. Qd3 Nxe5 16. Nxe5 Bf6 17. Nxf6+ Qxf6 18. Bb2 Rxe5 19. Bxe5 Qxe5 20.
Rae1 Qxe1 21. Rxe1 {Black disconnected and forfeits} 1-0

[Event "ICC Open 2015"]
[Site "Internet Chess Club"]
[Date "2015.05.30"]
[Round "11"]
[White "blackending"]
[Black "MadMad"]
[Result "1-0"]
[ICCResult "Black resigns"]
[WhiteElo "1708"]
[BlackElo "1463"]
[Opening "Sicilian: accelerated fianchetto, modern variation"]
[ECO "B34"]
[NIC "SI.33"]
[Time "16:13:34"]
[TimeControl "180+0"]

1. e4 c5 2. Nf3 g6 3. d4 cxd4 4. Nxd4 Nc6 5. Nc3 Bg7 6. Be3 Nf6 7. Be2 O-O
8. O-O d5 9. exd5 Nxd5 10. Nxc6 bxc6 11. Nxd5 Qxd5 12. Qxd5 cxd5 13. c3 a5
14. Bf3 e6 15. Rad1 Rb8 16. Rd2 Ba6 17. Rfd1 a4 18. a3 Bc4 19. Be2 Bxe2 20.
Rxe2 Rb3 21. Bc5 Rfb8 22. Bb4 Bf8 23. h3 Bxb4 24. cxb4 Rc8 25. Rdd2 Rc1+ 26.
Kh2 Kg7 27. Rc2 Rd1 28. Red2 Rf1 29. g3 Rb1 30. Kg2 d4 31. Rxd4 R3xb2 32.
Rxb2 Rxb2 33. b5 Rxb5 34. Rxa4 h5 35. Ra8 Kf6 36. a4 Rb1 37. a5 Ke7 38. a6
Kd6 39. a7 Ra1 40. Rd8+ {Black resigns} 1-0